 Dungeon Crawl Stone Soup version 0.20.1-1-g8b1a95d (webtiles) character file.

383 tidbits the Insei (level 6, -2/46 HPs)
             Began as a Demigod Transmuter on Aug 19, 2017.
             Slain by a centaur (4 damage)
             ... on level 5 of the Dungeon.
             The game lasted 00:13:30 (1881 turns).

tidbits the Insei (Demigod Transmuter)              Turns: 1881, Time: 00:13:31

Health: -2/46      AC:  4    Str: 13    XL:     6   Next: 22%
Magic:  11/13      EV: 19    Int: 21    God:
Gold:   173        SH:  0    Dex: 21    Spells: 5/11 levels left

rFire    . . .     SeeInvis .     - Unarmed
rCold    . . .     Gourm    .   (shield currently unavailable)
rNeg     . . .     Faith    .   (armour currently unavailable)
rPois    .         Spirit   .   (helmet currently unavailable)
rElec    .         Reflect  .   (cloak currently unavailable)
rCorr    .         Harm     .   (gloves currently unavailable)
MR       .....                  (boots currently unavailable)
Stlth    ++........             (no amulet)
Regen    0.2/turn               U - +2 ring of protection
MPRegen  0.2/turn               i - ring of poison resistance

@: spider-form
A: high mp 1
a: End Transformation


You were on level 5 of the Dungeon.
You were not hungry.
You were a venomous arachnid creature.
You visited 1 branch of the dungeon, and saw 5 of its levels.

You collected 173 gold pieces.

Inventory:

Armour
 b - a +0 robe (melded)
Jewellery
 i - a ring of poison resistance (right front leg)
   (You found it on level 4 of the Dungeon)
 m - an uncursed ring of magical power
   (You found it on level 3 of the Dungeon)
 U - a +2 ring of protection (left front leg)
   (You found it on level 4 of the Dungeon)
Scrolls
 f - a scroll of teleportation {unknown}
 g - a scroll of magic mapping {unknown}
 n - a scroll of remove curse {unknown}
Potions
 e - 3 potions of agility
 h - a potion of curing
 j - a potion of lignification
 k - a potion of flight {unknown}
 l - a potion of might
Books
 a - a book of Misfortune
   (You found it on level 4 of the Dungeon)

   Spells                             Type                      Level
   a - Confusing Touch                Hexes                        1
   b - Confuse                        Hexes                        3
   c - Gell's Gravitas                Translocation                3
   d - Petrify                        Transmutation/Earth          4
   e - Metabolic Englaciation         Hexes/Ice                    5
   f - Yara's Violent Unravelling     Hexes/Transmutation          5
 c - a book of Changes

   Spells                             Type                      Level
   a - Beastly Appendage              Transmutation                1
   b - Sticks to Snakes               Transmutation                2
   c - Spider Form                    Transmutation/Poison         3
   d - Ice Form                       Ice/Transmutation            4
   e - Blade Hands                    Transmutation                5
Comestibles
 d - 4 bread rations
 o - 3 chunks of flesh


   Skills:
 - Level 0.8 Fighting
 - Level 1.7 Dodging
 + Level 5.0 Unarmed Combat
 - Level 3.0 Spellcasting
 - Level 3.7 Transmutations


You had 5 spell levels left.
You knew the following spells:

 Your Spells              Type           Power        Failure   Level  Hunger
e - Beastly Appendage     Tmut           ###...       10%         1    None
k - Sticks to Snakes      Tmut           ###.....     13%         2    ##.....
p - Spider Form           Tmut/Pois      ##........   38%         3    ###....


Dungeon Overview and Level Annotations

Branches:
Dungeon (5/15)             Temple (0/1) D:4

Shops:
D:2 *


Innate Abilities, Weirdness & Mutations

You have an increased reservoir of magic. (+10% MP)


Message History

A worm comes into view.
You feel sick.
Found a dagger.
You feel sick.
Your transformation is almost over.
You hit the adder.
The adder is poisoned.
The adder is heavily wounded.
The adder misses you.
You feel sick.
You kill the adder!
You bite the leopard gecko skeleton!
You destroy the leopard gecko skeleton!
You feel sick.
You see here an adder corpse.
You butcher the adder corpse.
o - 5 chunks of flesh (gained 1)
You feel sick.
Your transformation has ended.
Your +0 robe unmelds from your body.
Found a basalt altar of Yredelemnul.
You see here a large cabochon ring.
i - a large cabochon ring You feel sick.
Put on which piece of jewellery? (? for menu, Esc to quit)
You're wearing all the rings you can.
Remove which one? (? for menu, Esc to cancel) < or
m - a ring of magical power; > or
U - a +2 ring of protection You remove your +2 ring of protection.
i - a ring of poison resistance (right hand) Put on which piece of jewellery? (? for menu, Esc to quit)
You're wearing all the rings you can.
Remove which one? (? for menu, Esc to cancel) < or
m - a ring of magical power; > or
i - a ring of poison resistance You remove your ring of magical power.
You feel your magic capacity decrease.
U - a +2 ring of protection (left hand)
Casting: Spider Form
Confirm with . or Enter, or press ? or * to list all spells.
You turn into a venomous arachnid creature.
Your +0 robe melds into your body.
You feel sick.
You are no longer poisoned.
You hit the worm.
The worm is poisoned.
The worm is lightly wounded.
You barely miss the worm.
The worm is lightly wounded.
The worm closely misses you.
You bite the worm!
The worm looks as sick as possible!
The worm is severely wounded.
You bite the worm!
You kill the worm!
Some of the chunks of flesh in your inventory have rotted away.
Your transformation is almost over.
There is a stone staircase leading down here.
Your transformation has ended.
Your +0 robe unmelds from your body.
You climb downwards.
There is a stone staircase leading up here.
A centaur comes into view.
Found an escape hatch in the ceiling.
The centaur shouts!
The centaur wields a shortbow.
The centaur shoots an arrow.
The arrow hits you!
* * * LOW HITPOINT WARNING * * *
You see here an arrow.
Casting: Spider Form
Confirm with . or Enter, or press ? or * to list all spells.
You turn into a venomous arachnid creature.
Your +0 robe melds into your body.
The centaur shoots an arrow.
The arrow misses you.
The centaur shoots an arrow.
The arrow hits you!
* * * LOW HITPOINT WARNING * * *
You see here an arrow.
You feel better.
You hit the centaur.
The centaur is lightly wounded.
The centaur unwields an uncursed shortbow.
The centaur misses you.
You hit the centaur.
The centaur is poisoned.
The centaur is lightly wounded.
The centaur closely misses you. The centaur misses you.
You barely miss the centaur.
The centaur is lightly wounded.
The centaur hits you but does no damage.
You hit the centaur but do no damage.
The centaur is moderately wounded.
The centaur hits you.
* * * LOW HITPOINT WARNING * * *
The centaur hits you.
* * * LOW HITPOINT WARNING * * *
You barely miss the centaur.
The centaur is heavily wounded.
The centaur barely misses you.
You hit the centaur but do no damage.
The centaur looks as sick as possible!
The centaur is heavily wounded.
The centaur misses you.
You hit the centaur.
The centaur looks as sick as possible!
The centaur is almost dead.
The centaur hits you.
* * * LOW HITPOINT WARNING * * *
The centaur hits you.
You die...

# .# ###
###.# #..
....# #.#
....##
#.###.#...##
#..(........
#...sc....#
#.###.#<.##
#<# .# ##
#.# .# #.#
.. #.# ##
#.# #.# #..


You could see a centaur.

Vanquished Creatures
  The ghost of vineage the Skirmisher, an amateur DsBe of Trog (D:4)
  An orc priest (D:4)
  A worker ant (D:4)
  4 gnolls (D:4)
  4 adders
  An adder skeleton (D:4)
  2 worms
  2 leopard geckos
  6 orcs
  7 goblins
  3 hobgoblins
  2 jackals (D:2)
  2 quokkas (D:2)
  7 bats
  5 frilled lizards
  8 kobolds
  A leopard gecko skeleton (D:4)
  10 rats
67 creatures vanquished.

Vanquished Creatures (collateral kills)
  A scorpion (D:4)
  An adder (D:2)
  An ooze (D:2)
  2 jackals (D:2)
  A bat (D:2)
  A rat (D:3)
7 creatures vanquished.

Grand Total: 74 creatures vanquished

Notes
Turn   | Place    | Note
-------+----------+-------------------------------------------
     0 | D:1      | tidbits the Demigod Transmuter began the quest for the Orb.
     0 | D:1      | Reached XP level 1. HP: 15/15 MP: 5/5
   180 | D:1      | Reached skill level 3 in Unarmed Combat
   311 | D:1      | Reached XP level 2. HP: 15/22 MP: 5/7
   321 | D:1      | Learned a level 2 spell: Sticks to Snakes
   451 | D:2      | Found Gozag's Platinum Reserve.
   592 | D:2      | Reached XP level 3. HP: 6/27 MP: 4/8
   624 | D:2      | Reached skill level 4 in Unarmed Combat
   699 | D:2      | Found a sacrificial altar of Ru.
   827 | D:2      | Found an opulent altar of Gozag.
  1059 | D:4      | Noticed a scorpion
  1067 | D:4      | Killed a scorpion
  1067 | D:4      | Reached skill level 2 in Spellcasting
  1067 | D:4      | Reached XP level 4. HP: 19/34 MP: 10/10
  1072 | D:4      | Learned a level 3 spell: Spider Form
  1320 | D:3      | Reached skill level 3 in Spellcasting
  1453 | D:4      | Noticed vineage's ghost (amateur DsBe)
  1466 | D:4      | Killed vineage's ghost
  1466 | D:4      | Reached skill level 3 in Transmutations
  1466 | D:4      | Reached XP level 5. HP: 22/39 MP: 12/12
  1606 | D:4      | Found a staircase to the Ecumenical Temple.
  1738 | D:4      | Reached XP level 6. HP: 32/46 MP: 13/13
  1774 | D:5      | Entered Level 5 of the Dungeon
  1810 | D:4      | Reached skill level 5 in Unarmed Combat
  1821 | D:4      | Found a deep blue altar of Sif Muna.
  1837 | D:4      | Found a basalt altar of Yredelemnul.
  1881 | D:5      | HP: 2/46 [centaur (4)]
  1881 | D:5      | Slain by a centaur

Skill      XL: |  1  2  3  4  5  6 |
---------------+-------------------+-----
Unarmed Combat | 3 4 5 |  5.0
Spellcasting   | 2 3 |  3.0
Transmutations | 3 |  3.7
Fighting       | |  0.8
Dodging        | |  1.7

Action                   |  1- 3 |  4- 6 || total
-------------------------+-------+-------++-------
Melee: Unarmed           |    91 |    86 ||   177
       Kick              |    10 |       ||    10
       Punch             |     3 |       ||     3
       Headbutt          |     3 |       ||     3
 Cast: Beastly Appendage |    17 |     1 ||    18
       Sticks to Snakes  |    11 |     1 ||    12
       Spider Form       |       |    15 ||    15
  Use: Potion            |       |     3 ||     3
       Scroll            |       |     2 ||     2
 Stab: Sleeping          |     1 |       ||     1
       Distracted        |     1 |     1 ||     2
  Eat: Chunk             |     2 |     4 ||     6
Armor: Robe              |     6 |     2 ||     8
       Skin              |       |     5 ||     5
Dodge: Dodged            |    36 |    53 ||    89

Table legend:
 A = Turns spent in this place as a percentage of turns spent in the entire game.
 B = Non-inter-level travel turns spent in this place as a percentage of non-inter-level travel turns spent in the entire game.
 C = Inter-level travel turns spent in this place as a percentage of turns spent in this place.
 D = Turns resting spent in this place as a percentage of non-inter-level travel turns spent in this place.
 E = Turns spent auto-exploring this place as a percentage of non-inter-level travel turns spent in this place.
 F = Non-inter-level travel turns spent in this place divided by the number of levels of this place that you've seen.
                   A       B       C       D       E      F
               +-------+-------+-------+-------+-------+----------------------
         Total | 100.0 | 100.0 |   0.3 |   0.0 |   0.0 | 344.8
       Dungeon | 100.0 | 100.0 |   0.3 |   0.0 |   0.0 | 344.8
               +-------+-------+-------+-------+-------+----------------------

Table legend:
 A = Kills in this place as a percentage of kills in entire the game.
 B = Kills by you in this place as a percentage of kills by you in the entire game.
 C = Kills by friends in this place as a percentage of kills by friends in the entire game.
 D = Other kills in this place as a percentage of other kills in the entire game.
 E = Experience gained in this place as a percentage of experience gained in the entire game.
 F = Experience gained in this place divided by the number of levels of this place that you have seen.
                   A       B       C       D       E      F
               +-------+-------+-------+-------+-------+----------------------
         Total | 100.0 | 100.0 | 100.0 |  -nan | 100.0 | 109.6
       Dungeon | 100.0 | 100.0 | 100.0 |  -nan | 100.0 | 109.6
               +-------+-------+-------+-------+-------+----------------------

Vault maps used:
D:1:      dpeg_arrival_simpleton_b
D:2:      lemuel_coloured_pillars_altar, minmay_tree_intersection,
          nicolae_gozag_zags_fifth_avenue
D:3:      minmay_misc_feat_encased
D:4:      chequers_temple_overflow_statue_of_worship, minmay_temple_entry_mist,
          first_bread, minmay_misc_feat_tiny, grunt_decor_mini_mirrors
